 Dungeon Crawl Stone Soup version 0.29-a0-319-gad05b8d819 (webtiles) character file.

Game seed: 10493026512598445782

10 Flugkiller the Skirmisher (level 2, -1/30 HPs)
             Began as a Mayflytaur Chaos Knight on Apr 1, 2022.
             Was a Plaything of Xom.
             Slain by Grinder (2 damage)
             ... while paralysed by Grinder
             ... on level 3 of the Dungeon.
             The game lasted 00:01:31 (224 turns).

Flugkiller the Skirmisher (Mayflytaur Chaos Knight)  Turns: 224, Time: 00:01:31

Health: -1/30      AC:  5    Str: 13    XL:     2   Next: 20%
Magic:  3/3        EV:  2    Int: 13    God:    Xom [..*...]
Gold:   31         SH:  0    Dex: 13    Spells: 1/1 levels left

rFire   . . .      SeeInvis .   e - +2 short sword (drain)
rCold   . . .      Faith    .   (no shield)
rNeg    . . .      Spirit   .   b - +2 leather armour
rPois   .          Reflect  .   (no helmet)
rElec   .          Harm     .   (no cloak)
rCorr   .          Rampage  .   (no gloves)
Will    .....                   (no boots)
Stlth   +.........              (no amulet)
HPRegen 0.10/turn               (no ring)
MPRegen 0.08/turn               (no ring)

@: paralysed, attractive, flying, hasted
A: damage resistance, big wings, sense surroundings 1, short lifespan
a: Renounce Religion


You were on level 3 of the Dungeon.
You worshipped Xom.
You were a toy of Xom.
You visited 1 branch of the dungeon, and saw 3 of its levels.

You collected 31 gold pieces.

Inventory:

Hand Weapons
 a - a +0 hand axe of chaos
 e - a +2 short sword of draining (weapon)
   (You took it off a kobold on level 1 of the Dungeon)
Armour
 b - a +2 leather armour (worn)
Magical Staves
 h - a staff of fire
   (You found it on level 2 of the Dungeon)
Scrolls
 d - a scroll of blinking {unknown}
Miscellaneous
 c - a piece from Xom's chessboard (15/15) (quivered)


   Skills:
 - Level 4.0 Fighting
 - Level 3.2 Axes
 - Level 2.1 Armour
 - Level 1.1 Dodging
 + Level 0.4 Unarmed Combat


You had one spell level left.
You didn't know any spells.
Your spell library was empty.

Dungeon Overview and Level Annotations

Branches:
Dungeon (3/15)

Altars:

Annotations:
D:3 Grinder, Ijyb


Innate Abilities, Weirdness & Mutations

You are resistant to damage.
Your large and strong wings let you fly.
You passively map a small area around you.
You are easily found by Zot.


Message History

You feel attractive to monsters. The bat closely misses your butterfly.
The bat misses your butterfly. Ijyb hits you but does no damage.
The bat is attracted toward you.
It was a potion of heal wounds.
You feel much better.
Xom roars with laughter!
The bat hits you but does no damage.
The bat completely misses your butterfly.
The bat hits you but does no damage. Ijyb hits you with a +0 club.
Grinder is attracted toward you.
You closely miss Ijyb.
Ijyb is moderately wounded.
The bat barely misses you.
Grinder blinks!
Ijyb misses you. The bat hits you.
You hit Ijyb but do no damage.
Ijyb is moderately wounded.
The bat hits you but does no damage. Ijyb hits you with a +0 club.
The bat is attracted toward you. Grinder is attracted toward you.
You closely miss Ijyb.
Ijyb is moderately wounded.
The bat hits you but does no damage. Ijyb hits you with a +0 club.
Grinder says, "Just stop there for a second..."
You hit Ijyb but do no damage.
Ijyb is moderately wounded.
The bat hits you but does no damage. The bat closely misses your butterfly.
Ijyb hits you but does no damage. Grinder hits you but does no damage.
Ijyb hits you with a +0 club. Grinder barely misses you.
The bat is attracted toward you.
You closely miss Ijyb.
Ijyb is moderately wounded.
The bat barely misses you. The bat barely misses your butterfly.
Grinder hits you but does no damage. Ijyb closely misses you.
The bat is attracted toward you.
You hit Ijyb but do no damage. You drain Ijyb.
Ijyb is moderately wounded.
The bat hits you but does no damage. x2
Grinder gestures at you.
You suddenly lose the ability to move!
Ijyb hits you but does no damage.
Xom makes a sudden noise!
You hear snatches of song.
You hear a bark! x2
The bat hits you but does no damage. Grinder gestures at you.
Pain shoots through your body! Ijyb hits you with a +0 club.
The bat hits you but does no damage. The bat closely misses your butterfly.
The bat hits you but does no damage. Grinder hits you but does no damage.
Ijyb hits you with a +0 club. The bat hits you but does no damage.
Grinder blinks!
Ijyb hits you with a +0 club. The bat is attracted toward you.
Grinder is attracted toward you. The bat hits you but does no damage.
The bat barely misses your butterfly.
Grinder blinks!
Ijyb hits you with a +0 club. Grinder is attracted toward you.
You can move again.
You hit Ijyb. You drain Ijyb.
Ijyb is heavily wounded.
Xom guffaws.
The bat closely misses you. Grinder hits your butterfly.
Your butterfly dies!
Your butterfly disappears in a puff of smoke!
Ijyb hits you with a +0 club. Grinder is attracted toward you.
The bat is attracted toward you.
You closely miss Ijyb.
Ijyb is heavily wounded.
The bat hits you but does no damage.
Your hound closely misses Ijyb.
Grinder gestures at you. Pain shoots through your body!
* * * LOW HITPOINT WARNING * * *
A shower of butterflies erupts from you!
Ijyb closely misses you. The bat barely misses you.
Unknown command.
You hit Ijyb. You drain Ijyb.
Ijyb is severely wounded.
The bat barely misses you. The bat hits you but does no damage.
Your hound bites Ijyb but does no damage.
Grinder says, "I used to sell toenails on the black market."
Grinder barely misses you. The bat hits you but does no damage.
Ijyb hits your hound with a +0 club.
Your hound barely misses Ijyb.
You closely miss Ijyb.
Ijyb is severely wounded.
The bat barely misses you.
Your hound barely misses Ijyb.
The bat misses your butterfly.
Grinder blinks!
Ijyb misses you.
Your hound bites Ijyb but does no damage.
The bat is attracted toward you.
You barely miss Ijyb.
Ijyb is severely wounded. "Go forth and destroy!"
You feel yourself speed up.
Your butterfly disappears in a puff of smoke!
The bat closely misses you.
The bat completely misses your butterfly.
Grinder gestures at you.
You suddenly lose the ability to move!
Ijyb completely misses you.
Your hound barely misses Ijyb.
Your hound barely misses Ijyb.
The bat barely misses you. Grinder hits you.
* * * LOW HITPOINT WARNING * * *
You writhe in agony.
* * * LOW HITPOINT WARNING * * *
Ijyb hits you with a +0 club.
Your hound completely misses Ijyb.
The bat closely misses your butterfly.
Your hound bites Ijyb but does no damage.
Grinder hits you.
You die...
Xom guffaws!

* , #. * * ** * #. *
, #. , #.# , * , , *
#b. , *#h.
..##.#g##**
.....§b@############
#..###b5b..........#
* * *
#.b.#########.#####
, ,
#b........#........
#...###.#.#.#.#####
, , ,
#.......#...#.# , *,
#.......#####.# ,
#..###..# #.# * * *
* #.. ...# #..,


You could see Grinder (resistant, ally target), Ijyb (distracted, very drained,
ally target), a bat and a friendly hound (summoned).

Vanquished Creatures
  2 bats
  2 giant cockroaches
  2 goblins
  A quokka (D:2)
  A ball python (D:1)
  A kobold (D:1)
9 creatures vanquished.

Notes
Turn   | Place    | Note
-------+----------+-------------------------------------------
     0 | D:1      | Flugkiller the Mayflytaur Chaos Knight began the quest for
                  | the Orb.
     0 | D:1      | Reached XP level 1. HP: 21/21 MP: 2/2
    62 | D:1      | XOM: divination: detect items
    88 | D:1      | Reached XP level 2. HP: 28/29 MP: 3/3
   145 | D:2      | Reached skill level 4 in Fighting
   197 | D:3      | Noticed Ijyb
   202 | D:3      | Noticed Grinder
   205 | D:3      | XOM: butterfly on damage
   213 | D:3      | Paralysed by Grinder for 5 turns
   214 | D:3      | XOM: noise
   218 | D:3      | XOM: cast spell 'Call Canine Familiar'
   219 | D:3      | XOM: butterfly on damage
   222 | D:3      | XOM: potion effect (haste)
   222 | D:3      | Paralysed by Grinder for 7 turns
   223 | D:3      | HP: 1/30 [Grinder (4)]
   224 | D:3      | Slain by Grinder

Illustrated notes

Levels and vault maps discovered:
D:1:      amcnicky_arrival_blooded_trapdoor, layout_basic
D:2:      layout_basic
D:3:      layout_basic, nicolae_ecumenical_oubliette, uniq_ijyb, uniq_grinder

Skill      XL: |  1  2 |
---------------+-------+-----
Fighting       | 4 |  4.0
Axes           | |  3.2
Armour         | |  2.1
Dodging        | |  1.1
Unarmed Combat | |  0.4

Action                   || total
-------------------------++-------
Melee: Hand axe          ||    14
       Short sword       ||    25
  Use: Potion            ||     2
Armor: Leather armour    ||    35
Dodge: Dodged            ||    42

Table legend: (Time is in decaauts)
 A = Elapsed time spent in this place.
 B = Non-inter-level travel time spent in this place.
 C = Inter-level travel time spent in this place.
 D = Time resting spent in this place.
 E = Time spent auto-exploring this place.
 F = Levels seen in this place.
 G = Mean time per level.
                   A        B        C        D        E       F      G
               +--------+--------+--------+--------+--------+-----+--------+
         Total |    228 |    228 |      0 |      0 |      0 |   3 |   76.0 |
       Dungeon |    228 |    228 |      0 |      0 |      0 |   3 |   76.0 |
               +--------+--------+--------+--------+--------+-----+--------+

Top non-repeatable levels by time:
     D:2: 94 daAuts
     D:1: 86 daAuts
     D:3: 47 daAuts
